 Dungeon Crawl Stone Soup version 0.28.0-45-g0d030f2227 (webtiles) character file.

Game seed: 17215758431350774320

1537 101zpm the Gusty (level 8, 0/59 HPs)
             Began as a Gnoll Air Elementalist on Apr 22, 2022.
             Shot with a sling bullet by Joseph (12 damage)
             ... on level 7 of the Dungeon.
             The game lasted 00:17:29 (6740 turns).

101zpm the Gusty (Gnoll Air Elementalist)           Turns: 6740, Time: 00:17:29

Health: 0/59       AC:  6    Str:  9    XL:     8   Next: 86%
Magic:  4/17       EV: 14    Int: 17    God:
Gold:   285        SH:  0    Dex: 15    Spells: 5/19 levels left

rFire   . . .      SeeInvis +   m - +10 spear of Bor Sov {flame, Str+3 Dex+3}
rCold   . . .      Faith    .   (no shield)
rNeg    . . .      Spirit   .   o - +2 leather armour of Bytiloos {Str-2 Slay+6 SInv}
rPois   .          Reflect  .   r - +0 helmet
rElec   .          Harm     .   (no cloak)
rCorr   .          Rampage  .   (no gloves)
Will    .....                   (no boots)
Stlth   +++.......              (no amulet)
HPRegen 0.19/turn               (no ring)
MPRegen 0.15/turn               (no ring)

@: no status effects
A: fangs 1, strong nose, distributed training
a: no special abilities


You were on level 7 of the Dungeon.
You visited 1 branch of the dungeon, and saw 8 of its levels.

You collected 285 gold pieces.

Inventory:

Hand Weapons
 c - a +0 war axe
 m - the +10 spear of Bor Sov (weapon) {flame, Str+3 Dex+3}
   (You found it on level 3 of the Dungeon)

   It burns those it strikes, dealing additional fire damage.
   Str:       It affects your strength (+3).
   Dex:       It affects your dexterity (+3).
Armour
 a - a +0 robe
 o - the +2 leather armour of Bytiloos (worn) {Str-2 Slay+6 SInv}
   (You found it on level 5 of the Dungeon)

   Str:       It affects your strength (-2).
   Slay:      It affects your accuracy & damage with ranged weapons and melee
   (+6).
   SInv:      It lets you see invisible.
 r - a +0 helmet (worn)
Wands
 k - a wand of flame (51)
Scrolls
 b - 2 scrolls of immolation {unknown}
 e - a scroll of fear {unknown}
 g - 3 scrolls of noise {unknown}
 h - 2 scrolls of fog {unknown}
 i - a scroll of magic mapping {unknown}
 j - 2 scrolls of teleportation {unknown}
 l - a scroll of blinking {unknown}
 n - 8 scrolls of identify {unknown}
 w - a scroll of vulnerability {unknown}
 y - a scroll of enchant armour {unknown}
 A - 2 scrolls of acquirement {unknown}
Potions
 d - a potion of ambrosia {unknown}
 f - a potion of lignification {unknown}
 p - 2 potions of mutation {unknown}
 q - a potion of heal wounds {unknown}
 s - a potion of curing {unknown}
 t - a potion of brilliance {unknown}
 u - a potion of haste {unknown}
 v - a potion of might {unknown}
 x - a potion of invisibility {unknown}
 z - a potion of flight {unknown}


   Skills:
 + Level 3.6 Fighting
 + Level 3.6 Short Blades
 + Level 3.6 Long Blades
 + Level 3.6 Axes
 + Level 3.6 Maces & Flails
 + Level 3.6 Polearms
 + Level 3.6 Staves
 + Level 3.6 Slings
 + Level 3.6 Bows
 + Level 3.6 Crossbows
 + Level 3.6 Throwing
 + Level 3.6 Armour
 + Level 5.9 Dodging
 + Level 5.6 Stealth
 + Level 3.6 Shields
 + Level 3.6 Unarmed Combat
 + Level 6.2 Spellcasting
 + Level 3.7 Conjurations
 + Level 3.0 Hexes
 + Level 3.0 Summonings
 + Level 3.0 Necromancy
 + Level 3.0 Translocations
 + Level 3.0 Transmutations
 + Level 3.0 Fire Magic
 + Level 3.0 Ice Magic
 + Level 6.3 Air Magic
 + Level 3.0 Earth Magic
 + Level 3.0 Poison Magic
 + Level 4.0 Invocations
 + Level 3.6 Evocations


You had 5 spell levels left.
You knew the following spells:

 Your Spells              Type           Power      Damage    Failure   Level
a - Shock                 Conj/Air       88%        1d8       2%          1
b - Static Discharge      Conj/Air       22%        N/A       3%          2
c - Swiftness             Air            26%        N/A       3%          3
d - Airstrike             Air            13%        N/A       13%         4
e - Slow                  Hex            60%        N/A       4%          1
f - Confusing Touch       Hex            15%        N/A       16%         3

Your spell library contained the following spells:

 Spells                   Type           Power      Damage    Failure   Level
 Frozen Ramparts          Ice            30%        1d5       16%         3
 Inner Flame              Hex/Fire       15%        N/A       16%         3
 Vampiric Draining        Necr           15%        2d7       16%         3
 Cause Fear               Hex            7%         N/A       45%         4
 Ice Form                 Ice/Tmut       15%        N/A       45%         4
 Summon Ice Beast         Ice/Summ       15%        N/A       45%         4
 Dispersal                Tloc           7%         N/A       100%        6
 Discord                  Hex            7%         N/A       100%        8
 Disjunction              Tloc           7%         N/A       100%        8


Dungeon Overview and Level Annotations

Branches:
Dungeon (8/15)             Temple (0/1) D:4
   Lair: D:8-11

Altars:
Wu Jian
Beogh

Shops:
D:8 :

Annotations:
D:6 2 transporters
D:7 Joseph


Innate Abilities, Weirdness & Mutations

You have very sharp teeth.
Your uncanny sense of smell can sniff out nearby items.
Your experience applies equally to all skills.


Message History

Aiming: Airstrike (dangerous; 13% risk of failure)
Press: ? - help, Dir - move target, f/p - Joseph
Aim: Joseph, wielding a +0 vorpal hunting sling, wearing a +3 leather armour of fire resistance and quivering sling bullets (lightly wounded, empty space bonus: 3/8)
The air twists around and strikes Joseph!
Joseph is moderately wounded.
Joseph shoots a sling bullet.
The sling bullet misses you.
Casting: Airstrike (dangerous; 13% risk of failure)
Confirm with . or Enter, or press ? or * to list all spells.
Aiming: Airstrike (dangerous; 13% risk of failure)
Press: ? - help, Dir - move target, f/p - Joseph
Aim: Joseph, wielding a +0 vorpal hunting sling, wearing a +3 leather armour of fire resistance and quivering sling bullets (moderately wounded, empty space bonus: 3/8)
The air twists around and strikes Joseph!
Joseph is moderately wounded.
Aiming: Shock (safe; 2% risk of failure)
Press: ? - help, Q - select action, (/) - cycle Shift-Dir - straight line, f/p - Joseph
Aim: Joseph, wielding a +0 vorpal hunting sling, wearing a +3 leather armour of fire resistance and quivering sling bullets (moderately wounded, 74% to hit)
The zap hits Joseph.
Joseph is heavily wounded.
Joseph shoots a sling bullet.
The sling bullet hits you!
Aiming: Shock (safe; 2% risk of failure)
Press: ? - help, Q - select action, (/) - cycle Shift-Dir - straight line, f/p - Joseph
Aim: Joseph, wielding a +0 vorpal hunting sling, wearing a +3 leather armour of fire resistance and quivering sling bullets (heavily wounded, 74% to hit)
The zap hits Joseph.
Joseph is heavily wounded.
Joseph shoots a sling bullet.
The sling bullet closely misses you.
Aiming: Shock (safe; 2% risk of failure)
Press: ? - help, Q - select action, (/) - cycle Shift-Dir - straight line, f/p - Joseph
Aim: Joseph, wielding a +0 vorpal hunting sling, wearing a +3 leather armour of fire resistance and quivering sling bullets (heavily wounded, 74% to hit)
The zap hits Joseph.
Joseph is heavily wounded.
Joseph shoots a sling bullet.
The sling bullet misses you.
Aiming: Shock (safe; 2% risk of failure)
Press: ? - help, Q - select action, (/) - cycle Shift-Dir - straight line, f/p - Joseph
Aim: Joseph, wielding a +0 vorpal hunting sling, wearing a +3 leather armour of fire resistance and quivering sling bullets (heavily wounded, 74% to hit)
The zap hits Joseph.
Joseph is heavily wounded.
Joseph shoots a sling bullet.
The sling bullet hits you!!
* * * LOW HITPOINT WARNING * * *
x2 Joseph shoots a sling bullet.
The sling bullet hits you!
You die...

∆ ....[..#@# .......#.#
.. .......#.# #.#
.......#.# #.#
.@.....#.###.#
.......#..##.#
#############@##.#
#................#
#.....@..........#
#................##
#.................#
#.............#.#.#####
#.............#........
#.............#...#####
#.........[.........)..
#.............#....####
.............


You could see Joseph.

Vanquished Creatures
  A water moccasin (D:6)
  A black bear (D:4)
  An orc warrior (D:7)
  2 necrophages
  An ogre (D:7)
  A kobold brigand (D:5)
  A scorpion (D:7)
  A wyvern skeleton (D:6)
  A howler monkey (D:6)
  2 jellies
  2 bullfrog skeletons
  4 hounds
  2 orc priests
  3 centaur skeletons
  An iguana (D:6)
  4 orc wizards
  Terence (D:3)
  A hound skeleton (D:4)
  A howler monkey skeleton (D:7)
  A gnoll (D:1)
  6 adders
  3 shadow imps
  A white imp (D:7)
  An ufetubus (D:7)
  2 worms (D:2)
  3 dart slugs
  13 orcs
  6 ball pythons
  6 bats
  7 endoplasms
  7 giant cockroaches
  3 hobgoblins
  2 jackals (D:1)
  2 quokkas (D:1)
  3 frilled lizards
  5 goblins
  13 kobolds
  11 rats
126 creatures vanquished.

Notes
Turn   | Place    | Note
-------+----------+-------------------------------------------
     0 | D:1      | 101zpm the Gnoll Air Elementalist began the quest for the
                  | Orb.
     0 | D:1      | Reached XP level 1. HP: 13/13 MP: 6/6
   330 | D:1      | Reached XP level 2. HP: 19/19 MP: 5/7
   573 | D:1      | Reached XP level 3. HP: 21/25 MP: 5/9
   659 | D:1      | Reached skill level 5 in Spellcasting
   894 | D:1      | Found a faded altar of an unknown god.
  1116 | D:1      | Reached skill level 1 in Invocations
  1714 | D:2      | Reached skill level 1 in Fighting
  1714 | D:2      | Reached skill level 1 in Short Blades
  1714 | D:2      | Reached skill level 1 in Long Blades
  1714 | D:2      | Reached skill level 1 in Axes
  1714 | D:2      | Reached skill level 1 in Maces & Flails
  1714 | D:2      | Reached skill level 1 in Polearms
  1714 | D:2      | Reached skill level 1 in Staves
  1714 | D:2      | Reached skill level 1 in Slings
  1714 | D:2      | Reached skill level 1 in Bows
  1714 | D:2      | Reached skill level 1 in Crossbows
  1714 | D:2      | Reached skill level 1 in Throwing
  1714 | D:2      | Reached skill level 1 in Armour
  1714 | D:2      | Reached skill level 1 in Shields
  1714 | D:2      | Reached skill level 1 in Unarmed Combat
  1714 | D:2      | Reached skill level 1 in Evocations
  1997 | D:2      | Reached XP level 4. HP: 32/32 MP: 4/11
  2172 | D:2      | Reached skill level 1 in Hexes
  2172 | D:2      | Reached skill level 1 in Summonings
  2172 | D:2      | Reached skill level 1 in Necromancy
  2172 | D:2      | Reached skill level 1 in Translocations
  2172 | D:2      | Reached skill level 1 in Transmutations
  2172 | D:2      | Reached skill level 1 in Fire Magic
  2172 | D:2      | Reached skill level 1 in Ice Magic
  2172 | D:2      | Reached skill level 1 in Earth Magic
  2172 | D:2      | Reached skill level 1 in Poison Magic
  2603 | D:3      | Reached XP level 5. HP: 37/37 MP: 4/12
  2843 | D:3      | Learned a level 2 spell: Static Discharge
  2847 | D:3      | Learned a level 3 spell: Swiftness
  2852 | D:3      | Learned a level 4 spell: Airstrike
  3023 | D:3      | Learned a level 1 spell: Slow
  3140 | D:3      | Noticed Terence
  3143 | D:3      | Killed Terence
  3235 | D:3      | Identified the +10 spear of Bor Sov {flame, Str+3 Dex+3}
  3242 | D:3      | Learned a level 3 spell: Confusing Touch
  3262 | D:5      | Entered Level 5 of the Dungeon
  3292 | D:5      | Identified the +2 leather armour of Bytiloos {Str-2 Slay+6
                  | SInv}
  3405 | D:5      | Noticed a necrophage
  3546 | D:4      | Reached XP level 6. HP: 44/44 MP: 8/13
  3653 | D:4      | Noticed a black bear
  3658 | D:4      | Killed a black bear
  3659 | D:4      | Reached skill level 5 in Dodging
  3959 | D:3      | Reached XP level 7. HP: 48/50 MP: 3/15
  4189 | D:4      | Found a staircase to the Ecumenical Temple.
  4266 | D:4      | Found an ornate altar of the Wu Jian Council.
  4838 | D:5      | Reached skill level 5 in Stealth
  5170 | D:6      | Reached XP level 8. HP: 50/57 MP: 9/16
  5579 | D:6      | Found a transporter.
  5666 | D:6      | Noticed a toenail golem
  5672 | D:6      | Found a transporter.
  5672 | D:6      | Noticed a smoke demon
  6113 | D:6      | You fall into a shaft and drop 1 floor!
  6333 | D:8      | Found Saosytopt's Book Boutique.
  6719 | D:7      | Noticed Joseph
  6740 | D:7      | Shot with a sling bullet by Joseph

Illustrated notes

Levels and vault maps discovered:
D:1:      minmay_arrival_four_loops, layout_basic,
          hellmonk_ecumenical_altar_defaced_shrine, bh_walls_and_bars
D:2:      layout_loops_cross
D:3:      layout_basic, kennysheep_generic_room_6, uniq_terence
D:4:      layout_loops_cross, kennysheep_mini_moat, temple_hall,
          chequers_serial_rivers_micro_d
D:5:      layout_loops_cross
D:6:      layout_layer_cave, gammafunk_ghost_abyssal_escape
D:7:      layout_basic, uniq_joseph
D:8:      layout_rooms, serial_shops, nicolae_stop_n_shop_1, serial_bayou_pond_b

Skill      XL: |  1  2  3  4  5  6  7  8 |
---------------+-------------------------+-----
Conjurations   | 2 3 |  3.7
Spellcasting   | 5 6 |  6.2
Invocations    | 1 2 3 4 |  4.0
Fighting       | 1 2 3 |  3.6
Short Blades   | 1 2 3 |  3.6
Long Blades    | 1 2 3 |  3.6
Axes           | 1 2 3 |  3.6
Maces & Flails | 1 2 3 |  3.6
Polearms       | 1 2 3 |  3.6
Staves         | 1 2 3 |  3.6
Slings         | 1 2 3 |  3.6
Bows           | 1 2 3 |  3.6
Crossbows      | 1 2 3 |  3.6
Throwing       | 1 2 3 |  3.6
Armour         | 1 2 3 |  3.6
Shields        | 1 2 3 |  3.6
Unarmed Combat | 1 2 3 |  3.6
Evocations     | 1 2 3 |  3.6
Hexes          | 1 2 3 |  3.0
Summonings     | 1 2 3 |  3.0
Necromancy     | 1 2 3 |  3.0
Translocations | 1 2 3 |  3.0
Transmutations | 1 2 3 |  3.0
Fire Magic     | 1 2 3 |  3.0
Ice Magic      | 1 2 3 |  3.0
Earth Magic    | 1 2 3 |  3.0
Poison Magic   | 1 2 3 |  3.0
Dodging        | 5 |  5.9
Stealth        | 5 |  5.6
Air Magic      | 6 |  6.3

Action                   |  1- 3 |  4- 6 |  7- 9 || total
-------------------------+-------+-------+-------++-------
Melee: Unarmed           |     6 |       |       ||     6
       War axe           |     3 |       |       ||     3
       Spear             |       |    14 |    65 ||    79
       Punch             |       |     2 |     1 ||     3
       Bite              |       |       |     8 ||     8
 Cast: Shock             |    66 |    69 |    18 ||   153
       Airstrike         |       |    10 |    24 ||    34
 Stab: Sleeping          |       |     2 |     2 ||     4
       Distracted        |       |       |     1 ||     1
Armor: Robe              |     1 |       |       ||     1
       Leather armour    |       |     1 |    14 ||    15
Dodge: Dodged            |    14 |     6 |    29 ||    49
